 Dungeon Crawl Stone Soup version 0.30-a0-322-g102857c98e (webtiles) character file.

Game seed: 10525817363699507224

86 billz999 the Skirmisher (level 4, -9/38 HPs)
             Began as a Gnoll Hunter on Oct 27, 2022.
             Mangled by a gnoll
             ... wielding a +2 flail of protection
              (14 damage)
             ... on level 2 of the Dungeon.
             The game lasted 00:02:45 (1198 turns).

billz999 the Skirmisher (Gnoll Hunter)              Turns: 1198, Time: 00:02:46

Health: -9/38      AC:  3    Str:  9 (11) XL:     4   Next: 50%
Magic:  1/1        EV:  9    Int:  7 (8)  God:
Gold:   76         SH: 11    Dex: 14 (17) Spells: 5/5 levels left

rFire   . . .      SeeInvis .    i - +1 sling (antimagic)
rCold   . . .      Faith    .    d - +0 tower shield
rNeg    . . .      Spirit   .    c - +0 leather armour
rPois   .          Reflect  .    (no helmet)
rElec   .          Harm     .    (no cloak)
rCorr   .          Rampage  .    (no gloves)
Will    .....                    (no boots)
Stlth   ++........               (no amulet)
HPRegen 0.26/turn                (no ring)
MPRegen 0.07/turn                (no ring)

@: no status effects
A: fangs 1, strong nose, distributed training
a: no special abilities


You were on level 2 of the Dungeon.
You visited 1 branch of the dungeon, and saw 2 of its levels.

You collected 76 gold pieces.

Inventory:

Hand Weapons
 a - a +0 shortbow
 i - a +1 antimagic sling (weapon)
Armour
 c - a +0 leather armour (worn)
 d - a +0 tower shield (worn)
Jewellery
 n - a +6 ring of dexterity
Scrolls
 b - a scroll of immolation
 g - a scroll of fog {unknown}
 j - a scroll of fear {unknown}
 o - a scroll of silence {unknown}
Potions
 e - 2 potions of curing
 f - a potion of lignification {unknown}
 h - a potion of degeneration
 k - a potion of magic {unknown}
 l - a potion of heal wounds {unknown}


   Skills:
 + Level 4.7 Fighting
 + Level 1.2 Short Blades
 + Level 1.2 Long Blades
 + Level 1.2 Axes
 + Level 1.2 Maces & Flails
 + Level 1.2 Polearms
 + Level 1.2 Staves
 + Level 8.6 Ranged Weapons
 + Level 1.2 Throwing
 + Level 1.2 Armour
 + Level 4.7 Dodging
 + Level 2.6 Stealth
 + Level 1.2 Shields
 + Level 1.2 Unarmed Combat
 + Level 1.2 Spellcasting
 + Level 1.0 Conjurations
 + Level 1.0 Hexes
 + Level 1.0 Summonings
 + Level 1.0 Necromancy
 + Level 1.0 Translocations
 + Level 1.0 Transmutations
 + Level 1.0 Fire Magic
 + Level 1.0 Ice Magic
 + Level 1.0 Air Magic
 + Level 1.0 Earth Magic
 + Level 1.0 Poison Magic
 + Level 1.3 Invocations
 + Level 1.2 Evocations


You had 5 spell levels left.
You didn't know any spells.
Your spell library was empty.

Dungeon Overview and Level Annotations

Branches:
Dungeon (2/15)

Altars:
Cheibriados

Shops:
D:2 *

Annotations:
D:1 1 transporter


Innate Abilities, Weirdness & Mutations

You have very sharp teeth.
Your uncanny sense of smell can sniff out nearby items.
Your experience applies equally to all skills.


Message History

The gnoll drinks a potion.
The gnoll is healed!
That's the wrong kind of item! (Use * to select it.) Fire/throw/use which item? ([*] to toss any item) (? for menu, Esc to quit)
Okay, then.
Fire: i) +1 sling (antimagic)
Press: ? - help, Shift-Dir - straight line, f/p - gnoll
Aim: a gnoll, wielding a +2 flail of protection (69% to hit)
You shoot a sling bullet.
The sling bullet hits the gnoll but does no damage.
You block the gnoll's attack. The gnoll barely misses you.
Unknown command.
Fire: i) +1 sling (antimagic)
Press: ? - help, Shift-Dir - straight line, f/p - gnoll
Aim: a gnoll, wielding a +2 flail of protection (69% to hit)
You shoot a sling bullet.
The sling bullet closely misses the gnoll.
The gnoll hits you with a +2 flail of protection!
* * * LOW HITPOINT WARNING * * *
It was a potion of degeneration.
There was something very wrong with that liquid.
You feel weakened.
You feel dopey.
You feel clumsy.
The gnoll hits you with a +2 flail of protection.
* * * LOW HITPOINT WARNING * * *
You feel better.
The gnoll hits you with a +2 flail of protection!
* * * LOW HITPOINT WARNING * * *
As you read the scroll labelled MESKUGOSHRU, it crumbles to dust.
Your body is wracked with pain!
* * * LOW HITPOINT WARNING * * *
The gnoll convulses!
It was a scroll of torment.
The gnoll hits you with a +2 flail of protection.
* * * LOW HITPOINT WARNING * * *
Fire: i) +1 sling (antimagic)
Press: ? - help, Shift-Dir - straight line, f/p - gnoll
Aim: a gnoll, wielding a +2 flail of protection (heavily wounded, 68% to hit)
You shoot a sling bullet.
The sling bullet hits the gnoll but does no damage.
The gnoll is heavily wounded.
The gnoll hits you with a +2 flail of protection!
You die...

#.# #####.#####
#.........#
#.###.###)#######.# #.#
#.............. #.#
#####.#.###... #.#
#.#.# #..
#.#######.#.#####..#
#.......@.#........#
###......g.######.##
#.######)# #.#
#.######.### #.#
#..........# #.#
#..........# ##.##
#....##....###...####
#...................#
##.....##..###...##.###


You could see a gnoll.

Vanquished Creatures
  2 gnolls (D:2)
  An adder (D:2)
  A worm (D:2)
  3 dart slugs
  5 ball pythons
  4 endoplasms (D:1)
  4 giant cockroaches
  3 goblins
  5 hobgoblins
  2 jackals (D:1)
  3 quokkas (D:1)
  5 bats
  4 frilled lizards
  3 kobolds (D:2)
  3 rats
48 creatures vanquished.

Notes
Turn   | Place    | Note
-------+----------+-------------------------------------------
     0 | D:1      | billz999 the Gnoll Hunter began the quest for the Orb.
     0 | D:1      | Reached XP level 1. HP: 20/20 MP: 1/1
    41 | D:1      | Reached XP level 2. HP: 26/26 MP: 2/2
   197 | D:1      | Reached XP level 3. HP: 26/31 MP: 3/3
   349 | D:1      | Reached skill level 1 in Invocations
   719 | D:2      | Reached skill level 1 in Short Blades
   719 | D:2      | Reached skill level 1 in Long Blades
   719 | D:2      | Reached skill level 1 in Axes
   719 | D:2      | Reached skill level 1 in Maces & Flails
   719 | D:2      | Reached skill level 1 in Polearms
   719 | D:2      | Reached skill level 1 in Staves
   719 | D:2      | Reached skill level 1 in Throwing
   719 | D:2      | Reached skill level 1 in Armour
   719 | D:2      | Reached skill level 1 in Shields
   719 | D:2      | Reached skill level 1 in Unarmed Combat
   719 | D:2      | Reached skill level 1 in Spellcasting
   719 | D:2      | Reached skill level 1 in Evocations
   772 | D:2      | Found Joarchifes's General Store.
   927 | D:2      | Found a snail-covered altar of Cheibriados.
   981 | D:2      | Reached XP level 4. HP: 38/38 MP: 1/5
  1189 | D:2      | Reached skill level 1 in Conjurations
  1189 | D:2      | Reached skill level 1 in Hexes
  1189 | D:2      | Reached skill level 1 in Summonings
  1189 | D:2      | Reached skill level 1 in Necromancy
  1189 | D:2      | Reached skill level 1 in Translocations
  1189 | D:2      | Reached skill level 1 in Transmutations
  1189 | D:2      | Reached skill level 1 in Fire Magic
  1189 | D:2      | Reached skill level 1 in Ice Magic
  1189 | D:2      | Reached skill level 1 in Air Magic
  1189 | D:2      | Reached skill level 1 in Earth Magic
  1189 | D:2      | Reached skill level 1 in Poison Magic
  1198 | D:2      | Mangled by a gnoll

Illustrated notes

Levels and vault maps discovered:
D:1:      spicycebolla_arrival_risky_transporter, layout_rooms
D:2:      layout_loops_corners, basic_altar, serial_shops, shop_fountains

Skill      XL: |  1  2  3  4 |
---------------+-------------+-----
Invocations    | 1 |  1.3
Short Blades   | 1 |  1.2
Long Blades    | 1 |  1.2
Axes           | 1 |  1.2
Maces & Flails | 1 |  1.2
Polearms       | 1 |  1.2
Staves         | 1 |  1.2
Throwing       | 1 |  1.2
Armour         | 1 |  1.2
Shields        | 1 |  1.2
Unarmed Combat | 1 |  1.2
Spellcasting   | 1 |  1.2
Evocations     | 1 |  1.2
Conjurations   | 1 |  1.0
Hexes          | 1 |  1.0
Summonings     | 1 |  1.0
Necromancy     | 1 |  1.0
Translocations | 1 |  1.0
Transmutations | 1 |  1.0
Fire Magic     | 1 |  1.0
Ice Magic      | 1 |  1.0
Air Magic      | 1 |  1.0
Earth Magic    | 1 |  1.0
Poison Magic   | 1 |  1.0
Fighting       | |  4.7
Ranged Weapons | |  8.6
Dodging        | |  4.7
Stealth        | |  2.6

Action                   |  1- 3 |  4- 6 || total
-------------------------+-------+-------++-------
 Fire: Shortbow          |    88 |       ||    88
       Sling             |    21 |    25 ||    46
  Use: Potion            |       |     2 ||     2
       Scroll            |       |     1 ||     1
Armor: Leather armour    |     3 |       ||     3
Dodge: Dodged            |    33 |     6 ||    39
Block: Tower shield      |     1 |     4 ||     5

Table legend: (Time is in decaauts)
 A = Elapsed time spent in this place.
 B = Non-inter-level travel time spent in this place.
 C = Inter-level travel time spent in this place.
 D = Time resting spent in this place.
 E = Time spent auto-exploring this place.
 F = Levels seen in this place.
 G = Mean time per level.
                   A        B        C        D        E       F      G
               +--------+--------+--------+--------+--------+-----+--------+
         Total |   1229 |   1197 |     32 |      0 |    952 |   2 |  614.5 |
       Dungeon |   1229 |   1197 |     32 |      0 |    952 |   2 |  614.5 |
               +--------+--------+--------+--------+--------+-----+--------+

Top non-repeatable levels by time:
     D:2: 641 daAuts
     D:1: 588 daAuts
